Map: Orbital Shipyard

Players

SortOf - Winner!

  • Race: Zerg Zerg
  • League: Grandmaster

AcerBly (Bly)

  • Race: Zerg Zerg

Event: DreamHack ROCCAT LotV Championship

VOD

Have the link to the VOD?

Description

Time

  • Played on: Nov. 26, 2015, 6:58 a.m.
  • Length: 8:02

All games in this series

Show
View Real Time Build Order
Export as new Build Order

SortOf Zerg - Winner!

Build Orders: Hatch First 

Get SALT Encoding   

  12  0:00  Drone  
  13  0:12  Overlord  
  13  0:18  Drone  
  14  0:31  Drone x2  
  16  0:36  Drone  
  17  0:46  Drone  
  18  0:56  Hatchery  
  17  0:58  Drone  
  18  1:07  Extractor  
  17  1:16  Spawning Pool  
  17  1:18  Drone  
  17  1:21  Drone  
  18  1:30  Drone  
  19  1:38  Drone  
  20  1:49  Overlord  
  20  2:01  Drone  
  21  2:07  Queen x2  
  21  2:08  Drone  
  26  2:11  Zergling x2  
  26  2:13  Metabolic Boost  
  27  2:19  Drone  
  29  2:22  Drone  
  29  2:30  Zergling x2  
  29  2:33  Zergling x2  
  29  2:34  Baneling Nest  
  30  2:41  Drone  
  31  2:48  Drone  
  32  2:52  Queen  
  32  2:56  Overlord  
  32  2:58  Drone  
  35  3:02  Drone  
  35  3:20  Drone x2  
  35  3:23  Drone x3  
  35  3:24  Overlord  
  35  3:25  Drone x3  
  43  3:31  Roach Warren, Baneling x2  
  43  3:32  Baneling  
  42  3:36  Zergling x2  
  42  3:37  Zergling x2  
  42  3:40  Overlord  
  43  3:42  Overlord  
  43  3:50  Overlord  
  43  3:53  Lair  
  43  4:00  Zergling x4  
  43  4:01  Zergling x2  
  46  4:04  Drone x2  
  46  4:06  Baneling  
  48  4:13  Drone x3  
  48  4:14  Drone, Extractor  
  48  4:15  Extractor  
  49  4:25  Overlord  
  49  4:30  Queen  
  51  4:35  Hatchery  
  49  4:55  Evolution Chamber  
  46  5:01  Overlord  
  46  5:03  Overlord  
  46  5:04  Queen  
  46  5:06  Nydus Network, Queen  
  51  5:07  Roach x2  
  51  5:13  Roach  
  55  5:19  Roach x2  
  59  5:25  Roach  
  61  5:32  Roach  
  61  5:33  Roach  
  61  5:34  Roach  
  61  5:35  Zergling x4  
  68  5:40  Queen  
  68  5:41  Queen  
  72  5:51  Nydus Canal  
  72  5:55  Roach  
  74  5:59  Queen  
  74  6:03  Roach  
  78  6:14  Overlord  
  78  6:16  Queen  
  78  6:17  Nydus Canal, Queen  
  82  6:19  Drone x3  
  82  6:21  Drone  
  82  6:22  Drone x2  
  88  6:29  Spore Crawler  
  87  6:38  Spore Crawler, Roach x3  
  92  6:45  Roach x2  
  92  6:46  Roach  
  98  6:53  Spore Crawler  
  98  6:54  Roach  
  98  6:58  Overlord  
  97  7:06  Queen  
  98  7:11  Roach  
  98  7:13  Drone  
  94  7:26  Roach x2  
  94  7:27  Overlord  
  94  7:29  Overseer, Roach  
  96  7:36  Roach x2  
  100  7:39  Nydus Canal  
Show
View Real Time Build Order
Export as new Build Order

AcerBly Zerg 

Build Orders: Hatch First 

Get SALT Encoding   

  12  0:00  Drone  
  13  0:12  Overlord  
  13  0:18  Drone  
  14  0:30  Drone  
  14  0:31  Drone  
  16  0:36  Drone  
  17  0:52  Hatchery  
  17  0:56  Drone  
  17  0:59  Extractor  
  16  1:10  Spawning Pool  
  15  1:13  Drone  
  15  1:16  Drone  
  17  1:20  Drone  
  18  1:29  Drone  
  19  1:39  Overlord  
  19  1:57  Queen  
  19  1:58  Zergling x2  
  19  2:00  Zergling x2  
  23  2:03  Metabolic Boost  
  23  2:05  Queen  
  25  2:09  Drone  
  25  2:13  Drone  
  27  2:19  Drone  
  27  2:22  Drone  
  29  2:32  Queen  
  29  2:34  Drone  
  32  2:37  Overlord  
  32  2:45  Drone x2  
  33  2:52  Drone  
  34  2:59  Baneling Nest  
  34  3:03  Zergling x4  
  35  3:07  Zergling x6  
  35  3:11  Overlord  
  38  3:17  Drone x3  
  40  3:24  Drone  
  41  3:28  Lair, Overlord  
  41  3:33  Zergling x2, Extractor  
  41  3:34  Extractor  
  41  3:37  Drone  
  41  3:42  Drone x3  
  41  3:45  Baneling  
  41  3:46  Baneling  
  41  3:47  Drone  
  45  3:51  Extractor  
  44  4:03  Drone x3  
  44  4:08  Overlord  
  47  4:10  Drone x2  
  47  4:14  Overlord  
  49  4:25  Drone x3  
  49  4:27  Spire  
  49  4:30  Drone  
  49  4:31  Drone, Overseer  
  53  4:37  Overlord  
  53  4:42  Overlord  
  51  4:53  Zergling x4  
  52  5:03  Hatchery  
  52  5:07  Drone x3  
  52  5:08  Drone  
  52  5:09  Drone x2  
  52  5:10  Overseer  
  57  5:14  Baneling x3  
  57  5:17  Spine Crawler  
  56  5:25  Drone x2  
  58  5:39  Baneling x2  
  58  5:41  Mutalisk x6  
  70  5:51  Drone  
  70  5:52  Drone x2  
  70  5:54  Hydralisk Den  
  72  5:58  Spine Crawler, Baneling x2  
  72  6:00  Zergling x8  
  72  6:01  Baneling x2  
  72  6:02  Extractor  
  74  6:05  Extractor  
  74  6:09  Drone x4  
  75  6:17  Drone x2  
  75  6:18  Drone  
  78  6:22  Drone  
  79  6:27  Mutalisk x2  
  79  6:28  Mutalisk, Drone  
  86  6:38  Hydralisk  
  88  6:52  Baneling x2  
  84  6:54  Hydralisk  
  84  6:55  Hydralisk  
  84  6:57  Overlord x4  
  83  7:11  Spine Crawler  
  83  7:12  Spine Crawler x2  
  83  7:15  Hydralisk x3  
  79  7:16  Hydralisk x2  
  87  7:27  Mutalisk x2  
  83  7:35  Mutalisk  
  81  7:38  Zergling x16  

Tags
 
Add a new tag
Caveats
  • Supply blocks, unpowered buildings, or Contaminate may cause inaccurate times.
  • Supply counts are checked every 10 seconds.